 Dungeon Crawl Stone Soup version 0.18-a0-1027-g814d7dd (webtiles) character file.

3863 tof the Blocker (level 10, -20/76 HPs)
             Began as a Formicid Fighter on Jan 8, 2016.
             Was a Follower of Ru.
             Demolished by a snapping turtle (21 damage)
             ... on level 8 of the Dungeon.
             The game lasted 00:22:37 (8531 turns).

tof the Blocker (Formicid Fighter)                  Turns: 8531, Time: 00:22:37

Health: -20/76     AC: 12    Str: 22    XL:     10   Next: 41%
Magic:  10/10      EV:  9    Int:  7    God:    Ru [*.....]
Gold:   375        SH: 19    Dex: 13    Spells: 0 memorised, 9 levels left

rFire  + + .     SeeInvis +     a - +2 flail (drain)
rCold  . . .     Gourm    .     q - +0 scale mail
rNeg   . . .     Faith    .     I - +2 shield
rPois  .         Spirit   .     (helmet unavailable)
rElec  .         Dismiss  .     (no cloak)
rCorr  .         Reflect  +     h - +2 pair of gloves
SustAt .         Harm     .     i - +0 pair of boots
MR     +....                    y - +5 amulet of reflection
Stlth  +.........               u - ring of protection from fire
                                j - ring of protection from fire

@: somewhat resistant to hostile enchantments, very unstealthy
A: permanent stasis, dig shafts and tunnels, four strong arms, antennae 3,
inability to train dodging
a: Dig, Shaft Self, Renounce Religion


You were on level 8 of the Dungeon.
You worshipped Ru.
Ru was aware of your devotion.
You were not hungry.

You visited 2 branches of the dungeon, and saw 9 of its levels.

You collected 375 gold pieces.

Inventory:

Hand Weapons
 a - a +2 flail of draining (weapon)
 b - a +2 hunting sling of flaming
 F - a +0 flail
 R - a -3 hand crossbow
Armour
 c - a +0 shield
 h - a +2 pair of gloves (worn)
 i - a +0 pair of boots (worn)
 q - a +0 scale mail (worn)
 I - a +2 shield (worn)
Jewellery
 j - a ring of protection from fire (left hand)
 u - a ring of protection from fire (right hand)
 y - a +5 amulet of reflection (around neck)
Wands
 k - a wand of digging (5/24)
 t - a wand of frost (48/48)
 H - a wand of polymorph (8/24)
Scrolls
 e - 4 scrolls of teleportation {unknown}
 f - a scroll of blinking {unknown}
 g - a scroll of random uselessness {unknown}
 l - 2 scrolls of recharging
 r - 2 scrolls of enchant armour {unknown}
 v - 5 scrolls of identify
 w - a scroll of amnesia {unknown}
 x - a scroll of noise {unknown}
 B - 3 scrolls of enchant weapon {unknown}
 P - a scroll of fear {unknown}
 Q - a scroll of immolation {unknown}
Potions
 d - a potion of might
 m - a potion of resistance
 p - 2 potions of curing
 s - 3 potions of lignification
 z - a potion of magic {unknown}
 A - 2 potions of flight {unknown}
 C - 4 potions of poison {unknown}
 E - a potion of invisibility {unknown}
 L - a potion of agility {unknown}
 M - a potion of berserk rage {unknown}
 N - 2 potions of degeneration {unknown}
Books
 J - a book of Debilitation

   Spells                             Type                      Level
   a - Corona                         Hexes                        1
   b - Slow                           Hexes                        2
   c - Gell's Gravitas                Hexes/Translocation          3
   d - Inner Flame                    Hexes/Fire                   3
   e - Cause Fear                     Hexes                        4
   f - Leda's Liquefaction            Hexes/Earth                  4
 K - the Guide on Dislocation
   (You found it on level 6 of the Dungeon)

   Spells                             Type                      Level
   a - Apportation                    Translocation                1
   b - Gell's Gravitas                Hexes/Translocation          3
   c - Portal Projectile              Translocation                3
   d - Teleport Other                 Translocation                3
   e - Passage of Golubria            Translocation                4
 O - a book of Annihilations

   Spells                             Type                      Level
   a - Poison Arrow                   Conjuration/Poison           6
   b - Chain Lightning                Conjuration/Air              8
   c - Lehudib's Crystal Spear        Conjuration/Earth            8
   d - Glaciate                       Conjuration/Ice              9
   e - Fire Storm                     Conjuration/Fire             9
Comestibles
 n - 3 chunks of flesh
 D - a slice of pizza
 G - 5 bread rations


   Skills:
 + Level 5.8 Fighting
 + Level 6.4 Maces & Flails
 + Level 7.7 Armour
 + Level 2.2 Stealth
 + Level 10.8 Shields


You had 9 spell levels left.
You didn't know any spells.

Dungeon Overview and Level Annotations

Branches:
Dungeon (8/15)             Temple (1/1) D:5
   Lair: D:8-11

Altars:
Ashenzari
Cheibriados
Dithmenos
Elyvilon
Fedhas
Gozag
Kikubaaqudgha
Makhleb
Nemelex Xobeh
Okawaru
Pakellas
Qazlal
Ru
Sif Muna
Trog
Vehumet
Xom
Yredelemnul
Zin
The Shining One

Annotations:
D:3 Grinder


Innate Abilities, Weirdness & Mutations

You are under a permanent stasis effect.
You can dig through walls and to a lower floor.
Your four strong arms can wield two-handed weapons with a shield.
You have a pair of large antennae on your head (SInv).
You cannot train Dodging skill.


Message History

You hear a splash. 2 snapping turtles come into view.
The snapping turtle hisses angrily.
You see here an electric eel corpse.
You butcher the electric eel corpse.
An electric eel comes into view.
You see here 3 chunks of flesh.
n - 3 chunks of flesh The electric eel shoots out a bolt of lightning at you!
The bolt of electricity hits you!
* * * LOW HITPOINT WARNING * * *
You block the snapping turtle's attack.
The electric eel shoots out a bolt of lightning at you!
The bolt of electricity hits you!
* * * LOW HITPOINT WARNING * * *
You block the snapping turtle's attack.
The snapping turtle bites you from afar.
* * * LOW HITPOINT WARNING * * *
The snapping turtle bites you from afar!!
You die...

≈≈≈≈≈.≈##≈≈≈≈# ##.##
##. ≈≈≈≈≈≈≈≈#≈≈≈≈#
#..)#####..
≈≈≈≈≈≈≈≈#≈≈≈≈#
#...)...##.
≈≈≈≈≈;≈≈≈≈≈≈≈#
#...##...##
.≈≈≈≈≈≈≈≈≈≈≈≈
#####.....#
≈≈≈≈≈≈≈≈≈≈≈# #......
≈≈≈≈≈≈≈≈t≈≈# #.....#
≈≈≈...≈≈≈≈≈# ##...##
≈≈..♣..t≈≈@########
###### ≈
♣.P.♣.≈≈≈≈##....# #..
≈....♣P.≈≈≈≈#####.# #.#
≈..P.♣..≈≈≈≈≈####.#####
#.#
≈≈..♣..≈≈≈≈≈≈.........#
#.#
≈≈≈...≈≈≈≈≈≈≈#..#.###.#
#.# ≈≈≈≈≈≈≈≈≈≈≈≈##....#
#.. ≈≈≈≈≈≈≈≈≈#≈##.###
#.###.. ≈≈≈≈≈#≈ # #.#
#......


You could see 2 snapping turtles and an electric eel.

Vanquished Creatures
  A two-headed ogre (D:8)
  A snapping turtle (D:8)
  Eustachio (D:5)
  A hungry ghost (D:7)
  Menkaure (D:7)
  Edmund (D:4)
  2 ice beasts
  An orc warrior (D:8)
  A sky beast (D:5)
  6 ogres
  The ghost of tof the Shield-Bearer, an amateur FoFi (D:3)
  2 centaurs
  A big kobold (D:6)
  5 giant frogs
  A wyvern skeleton (D:4)
  2 scorpions
  5 killer bees (D:7)
  2 electric eels (D:8)
  2 crimson imps
  4 giant frog zombies
  A centaur skeleton (D:5)
  4 hounds
  3 jellies
  2 orc wizards
  A giant frog skeleton (D:5)
  Jessica (D:3)
  Terence (D:3)
  6 worker ants
  2 hound skeletons
  A worker ant zombie (D:8)
  13 adders
  A gnoll (D:6)
  4 river rats (D:6)
  2 shadow imps
  An ooze (D:3)
  An adder skeleton (D:7)
  2 worms
  5 giant geckos
  11 orcs
  A ball python (D:8)
  8 bats
  8 giant cockroaches
  6 goblins
  8 hobgoblins
  13 jackals
  A quokka (D:4)
  A giant gecko zombie (D:5)
  8 giant newts
  15 kobolds
  A quokka skeleton (D:5)
  9 rats
182 creatures vanquished.

Vanquished Creatures (others)
  2 bats (D:8)
  3 plants (D:6)
5 creatures vanquished.

Grand Total: 187 creatures vanquished

Notes
Turn   | Place    | Note
--------------------------------------------------------------
     0 | D:1      | tof the Formicid Fighter began the quest for the Orb.
     0 | D:1      | Reached XP level 1. HP: 18/18 MP: 1/1
   105 | D:1      | Reached XP level 2. HP: 20/24 MP: 2/2
   426 | D:1      | Reached XP level 3. HP: 27/29 MP: 3/3
   788 | D:2      | Reached skill level 4 in Armour
   812 | D:2      | Reached skill level 1 in Dodging
  1121 | D:2      | Reached XP level 4. HP: 30/35 MP: 4/4
  1281 | D:2      | Found a deep blue altar of Sif Muna.
  1282 | D:2      | Found a snail-covered altar of Cheibriados.
  1282 | D:2      | Found a sparkling altar of Nemelex Xobeh.
  1285 | D:2      | Found an ancient bone altar of Kikubaaqudgha.
  1286 | D:2      | Found a shimmering altar of Xom.
  1287 | D:2      | Found a shadowy altar of Dithmenos.
  1607 | D:3      | Reached XP level 5. HP: 41/41 MP: 5/5
  1800 | D:3      | Noticed Jessica
  1801 | D:3      | Noticed Grinder
  1826 | D:3      | Killed Jessica
  1826 | D:3      | Reached skill level 5 in Shields
  2041 | D:3      | Noticed tof's ghost (amateur FoFi)
  2081 | D:3      | Noticed Terence
  2118 | D:3      | Killed Terence
  2118 | D:3      | Reached XP level 6. HP: 19/47 MP: 6/6
  2186 | D:3      | Killed tof's ghost
  2795 | D:4      | Reached XP level 7. HP: 34/53 MP: 7/7
  2951 | D:4      | Found a blossoming altar of Fedhas.
  3154 | D:4      | Reached skill level 5 in Armour
  3227 | D:4      | Noticed Edmund
  3250 | D:4      | Killed Edmund
  3250 | D:4      | Reached skill level 6 in Shields
  3657 | D:5      | Entered Level 5 of the Dungeon
  3710 | D:5      | Reached XP level 8. HP: 40/60 MP: 8/8
  4000 | D:5      | Reached skill level 7 in Shields
  4206 | D:5      | Found a staircase to the Ecumenical Temple.
  4213 | Temple   | Entered the Ecumenical Temple
  4385 | Temple   | Became a worshipper of Ru the Awakened
  4564 | D:5      | Noticed Eustachio
  4580 | D:5      | Killed Eustachio
  4820 | D:6      | Reached skill level 1 in Stealth
  4820 | D:6      | Reached XP level 9. HP: 61/66 MP: 9/9
  4981 | D:6      | Found a shimmering altar of Xom.
  5012 | D:6      | Reached skill level 8 in Shields
  5166 | D:6      | Reached skill level 5 in Maces & Flails
  5300 | D:6      | Gained mutation: You cannot train Dodging skill. [Ru sacrifice]
  5300 | D:6      | Reached * piety under Ru
  5463 | D:6      | Identified the Guide on Dislocation (You found it on level 6 of the Dungeon)
  5817 | D:6      | Reached skill level 5 in Fighting
  6005 | D:7      | Reached skill level 9 in Shields
  6460 | D:7      | Noticed Menkaure
  6475 | D:7      | Killed Menkaure
  6839 | D:7      | Found a bloodstained altar of Trog.
  7008 | D:7      | Reached XP level 10. HP: 72/74 MP: 10/10
  7482 | D:8      | Reached skill level 10 in Shields
  8530 | D:8      | HP: 1/76 [snapping turtle (5)]
  8531 | D:8      | Demolished by a snapping turtle

Vault maps used:
D:1:      dpeg_arrival_line_fractal
D:2:      minitemple
D:3:      first_bread, feat_on_display, uniq_grinder, uniq_crazy_yiuf_cottage,
          uniq_terence, uniq_jessica
D:4:      fedhas_altar_4, uniq_edmund
D:5:      temple_fountains, serial_glass, glass_columns_b, glass_columns_c,
          minivault_25, uniq_eustachio
D:6:      wad_woods_stonehenge, serial_glass, glass_columns_c, glass_columns_a,
          glass_columns_b, glass_columns_a
D:7:      lemuel_crystal_altar, uniq_menkaure
D:8:      wad_bat_island
Temple:   chambers_temple_12

Action                   |  1- 3 |  4- 6 |  7- 9 | 10-12 || total
-------------------------+-------+-------+-------+-------++-------
Melee: Flail             |   133 |   235 |   388 |   112 ||   868
Invok: Sacrifice Nimblen |       |       |     1 |       ||     1
 Abil: Dig               |       |       |     3 |     1 ||     4
  Use: Scroll            |       |       |     4 |       ||     4
       Potion            |       |       |     3 |     2 ||     5
  Eat: Chunk             |     1 |     4 |     9 |     6 ||    20
       Bread ration      |       |     1 |       |       ||     1
       Meat ration       |       |       |     1 |       ||     1
       Pizza             |       |       |     1 |       ||     1
       Beef jerky        |       |       |     1 |       ||     1
